 Dungeon Crawl Stone Soup version 0.22.1-1-ga44c0e56f4 (webtiles) character file.

105 Reeggar the Jinx (level 4, 0/34 HPs)
             Began as a Gnoll Wanderer on Oct 21, 2018.
             Slain by a bat (1 damage)
             ... on level 3 of the Dungeon.
             The game lasted 00:13:26 (2370 turns).

Reeggar the Jinx (Gnoll Wanderer)                   Turns: 2370, Time: 00:13:27

Health: 0/34       AC:  5    Str: 13    XL:     4   Next: 81%
Magic:  4/14       EV: 10    Int: 16    God:
Gold:   51         SH:  5    Dex: 15    Spells: 2/5 levels left

rFire    + . .     SeeInvis .   b - +0 mace
rCold    + . .     Gourm    .   c - +0 buckler
rNeg     . . .     Faith    .   e - +0 ring mail
rPois    .         Spirit   .   (no helmet)
rElec    .         Reflect  .   g - scarf {rC+ rF+}
rCorr    .         Harm     .   (no gloves)
MR       +....                  (no boots)
Stlth    ++........             (no amulet)
HPRegen  0.11/turn              h - ring of protection from magic
MPRegen  0.14/turn              o - ring of magical power

@: no status effects
A: distributed training, fangs 1, strong nose
a: no special abilities


You were on level 3 of the Dungeon.
You were hungry.

You visited 1 branch of the dungeon, and saw 3 of its levels.

You collected 51 gold pieces.

Inventory:

Hand Weapons
 b - a +0 mace (weapon)
 n - a +0 hand axe
Armour
 c - a +0 buckler (worn)
 e - a +0 ring mail (worn)
 g - a scarf of resistance (worn)
 r - a scarf of resistance
Jewellery
 h - a ring of protection from magic (left hand)
 o - a ring of magical power (right hand)
Wands
 p - a wand of clouds (5)
Scrolls
 l - 2 scrolls of remove curse {unknown}
 m - a scroll of identify
Potions
 f - a potion of brilliance {unknown}
 i - a potion of magic {unknown}
 k - a potion of flight {unknown}
 q - a potion of ambrosia {unknown}
Comestibles
 d - a chunk of flesh
 j - 3 rations


   Skills:
 + Level 2.8 Fighting
 + Level 1.2 Short Blades
 + Level 1.2 Long Blades
 + Level 1.2 Axes
 + Level 2.8 Maces & Flails
 + Level 1.2 Polearms
 + Level 1.2 Staves
 + Level 1.2 Slings
 + Level 1.2 Bows
 + Level 1.2 Crossbows
 + Level 1.2 Throwing
 + Level 2.8 Armour
 + Level 1.2 Dodging
 + Level 2.6 Stealth
 + Level 2.8 Shields
 + Level 1.2 Unarmed Combat
 + Level 1.2 Spellcasting
 + Level 1.0 Conjurations
 + Level 8.8 Hexes
 + Level 1.0 Charms
 + Level 1.0 Summonings
 + Level 1.0 Necromancy
 + Level 1.0 Translocations
 + Level 1.0 Transmutations
 + Level 1.0 Fire Magic
 + Level 1.0 Ice Magic
 + Level 1.0 Air Magic
 + Level 1.0 Earth Magic
 + Level 1.0 Poison Magic
 + Level 1.3 Invocations
 + Level 1.2 Evocations


You had 2 spell levels left.
You knew the following spells:

 Your Spells              Type           Power        Failure   Level  Hunger
a - Tukima's Dance        Hex            ####....     4%          3    ####...

Your spell library contained the following spells:

 Spells                   Type           Power        Failure   Level  Hunger
 Corona                   Hex            ####...      1%          1    ##.....
 Ensorcelled Hibernation  Hex/Ice        ###...       11%         2    ###....
 Confuse                  Hex            ####....     4%          3    ####...
 Dazzling Spray           Conj/Hex       ###...       22%         3    ####...


Dungeon Overview and Level Annotations

Branches:
Dungeon (3/15)

Altars:
Uskayaw


Innate Abilities, Weirdness & Mutations

Your experience applies equally to all skills.
You have very sharp teeth.
Your uncanny sense of smell can sniff out nearby items.


Message History

The orc misses you.
You sock the orc!
You kill the orc!
The bat closely misses you. The orc misses you.
You hit the orc but do no damage. You block the bat's attack.
The orc hits you but does no damage.
You hit the orc but do no damage. You block the bat's attack.
The orc hits you with a trident.
* * * LOW HITPOINT WARNING * * *
You closely miss the orc. The bat barely misses you.
The orc hits you with a trident.
* * * LOW HITPOINT WARNING * * *
There are monsters nearby!
You hit the orc.
The orc is heavily wounded.
The bat barely misses you. The orc misses you.
You closely miss the orc.
The orc is heavily wounded.
You block the bat's attack. The bat hits you.
You die...

.. ... #..... .#...
#....# .#..## #....#####
...... #....#... #
.#..## #....#.#######.#
.....####..............#
............#...?o......
......(.†.......@)......
.###..#.........b.......
.####.#'###.#...........
.##.......#.#...........
.##.......#.#...........
.##.......#.#...........
.#####..###.#.........=.
.#####..# #.#...........
....###.#


You could see an orc and a bat.

Vanquished Creatures
  An orc priest (D:3)
  2 adders (D:2)
  3 oozes
  2 worms
  A dart slug (D:2)
  2 leopard geckos
  An orc (D:3)
  5 bats
  A giant cockroach (D:1)
  4 goblins
  3 hobgoblins (D:2)
  4 kobolds
  3 frilled lizards
  3 rats (D:2)
35 creatures vanquished.

Notes
Turn   | Place    | Note
-------+----------+-------------------------------------------
     0 | D:1      | Reeggar the Gnoll Wanderer began the quest for the Orb.
     0 | D:1      | Reeggar set off with: a +0 mace, a +0 buckler, a +0 robe, a
                  | ration
     0 | D:1      | Reached XP level 1. HP: 17/17 MP: 1/1
   127 | D:1      | Reached XP level 2. HP: 12/23 MP: 2/2
   952 | D:1      | You fall through a shaft!
  1232 | D:2      | Reached XP level 3. HP: 28/28 MP: 3/3
  1251 | D:2      | Learned a level 3 spell: Tukima's Dance
  1666 | D:2      | Found a hide-covered altar of Uskayaw.
  1768 | D:2      | Reached skill level 1 in Invocations
  1851 | D:2      | Reached skill level 1 in Short Blades
  1851 | D:2      | Reached skill level 1 in Long Blades
  1851 | D:2      | Reached skill level 1 in Axes
  1851 | D:2      | Reached skill level 1 in Polearms
  1851 | D:2      | Reached skill level 1 in Staves
  1851 | D:2      | Reached skill level 1 in Slings
  1851 | D:2      | Reached skill level 1 in Bows
  1851 | D:2      | Reached skill level 1 in Crossbows
  1851 | D:2      | Reached skill level 1 in Throwing
  1851 | D:2      | Reached skill level 1 in Dodging
  1851 | D:2      | Reached skill level 1 in Unarmed Combat
  1851 | D:2      | Reached skill level 1 in Spellcasting
  1851 | D:2      | Reached skill level 1 in Evocations
  1990 | D:2      | Reached XP level 4. HP: 32/34 MP: 5/5
  2364 | D:3      | Reached skill level 1 in Conjurations
  2364 | D:3      | Reached skill level 1 in Charms
  2364 | D:3      | Reached skill level 1 in Summonings
  2364 | D:3      | Reached skill level 1 in Necromancy
  2364 | D:3      | Reached skill level 1 in Translocations
  2364 | D:3      | Reached skill level 1 in Transmutations
  2364 | D:3      | Reached skill level 1 in Fire Magic
  2364 | D:3      | Reached skill level 1 in Ice Magic
  2364 | D:3      | Reached skill level 1 in Air Magic
  2364 | D:3      | Reached skill level 1 in Earth Magic
  2364 | D:3      | Reached skill level 1 in Poison Magic
  2368 | D:3      | HP: 1/34 [orc/trident (4)]
  2370 | D:3      | Slain by a bat

Skill      XL: |  1  2  3  4 |
---------------+-------------+-----
Invocations    | 1 |  1.3
Short Blades   | 1 |  1.2
Long Blades    | 1 |  1.2
Axes           | 1 |  1.2
Polearms       | 1 |  1.2
Staves         | 1 |  1.2
Slings         | 1 |  1.2
Bows           | 1 |  1.2
Crossbows      | 1 |  1.2
Throwing       | 1 |  1.2
Dodging        | 1 |  1.2
Unarmed Combat | 1 |  1.2
Spellcasting   | 1 |  1.2
Evocations     | 1 |  1.2
Conjurations   | 1 |  1.0
Charms         | 1 |  1.0
Summonings     | 1 |  1.0
Necromancy     | 1 |  1.0
Translocations | 1 |  1.0
Transmutations | 1 |  1.0
Fire Magic     | 1 |  1.0
Ice Magic      | 1 |  1.0
Air Magic      | 1 |  1.0
Earth Magic    | 1 |  1.0
Poison Magic   | 1 |  1.0
Fighting       | |  2.8
Maces & Flails | |  2.8
Armour         | |  2.8
Stealth        | |  2.6
Shields        | |  2.8
Hexes          | |  8.8

Action                   |  1- 3 |  4- 6 || total
-------------------------+-------+-------++-------
Melee: Mace              |    65 |    47 ||   112
       Hand axe          |    18 |       ||    18
       Bite              |     5 |     4 ||     9
 Cast: Tukima's Dance    |       |     3 ||     3
  Use: Scroll            |     2 |     3 ||     5
       Potion            |       |     2 ||     2
 Stab: Sleeping          |     3 |       ||     3
  Eat: Ration            |     1 |       ||     1
       Chunk             |       |     1 ||     1
Armor: Robe              |     3 |       ||     3
       Ring mail         |    25 |    43 ||    68
Dodge: Dodged            |    37 |    63 ||   100
Block: Buckler           |    15 |    31 ||    46
